 Dungeon Crawl Stone Soup version 0.20-a0-16-g0876c8e (webtiles) character file.

5160 JeffiDaFish the Blocker (level 10, 0/61 HPs)
             Began as a Gargoyle Fighter on Nov 3, 2016.
             Was an Initiate of Makhleb.
             Slain by a steam dragon (2 damage)
             ... on level 9 of the Dungeon.
             The game lasted 00:21:28 (7235 turns).

JeffiDaFish the Blocker (Gargoyle Fighter)          Turns: 7235, Time: 00:21:29

Health: 0/61       AC: 24    Str: 27    XL:     10   Next: 59%
Magic:  10/10      EV:  7    Int: 10    God:    Makhleb [......]
Gold:   512        SH: 13    Dex:  9    Spells: 0 memorised, 9 levels left

rFire  . . .     SeeInvis .     d - +0 morningstar
rCold  . . .     Gourm    .     a - +1 plate armour of the Turtledove {*Corrode Str+5}
rNeg   + . .     Faith    .     c - +1 shield
rPois  ∞         Spirit   .     n - +2 helmet
rElec  +         Reflect  .     (no cloak)
rCorr  +         Harm     .     e - +2 pair of gloves
MR     .....     Clarity  +     (no boots)
Stlth  ..........               m - amulet of rage
                                k - ring of flight
                                g - ring of resist corrosion

@: corroded
A: clarity, negative energy resistance 1, shaggy fur 1, electricity resistance,
unbreathing, evolution 1, petrification resistance, rot immunity, AC +7
a: Renounce Religion, Evoke Berserk Rage, Evoke Flight


You were on level 9 of the Dungeon.
You worshipped Makhleb.
Makhleb was noncommittal.
You were not hungry.

You visited 2 branches of the dungeon, and saw 10 of its levels.
You also visited: Sewer.

You collected 512 gold pieces.

Inventory:

Hand Weapons
 d - a +0 morningstar (weapon)
Armour
 a - the +1 plate armour of the Turtledove (worn) {*Corrode Str+5}
   (You found it on level 8 of the Dungeon)

   It affects your strength (+5).
   It may corrode you when you take damage.
 c - a +1 shield (worn)
 e - a +2 pair of gloves (worn)
 n - a +2 helmet (worn)
Jewellery
 g - a ring of resist corrosion (left hand)
 k - a ring of flight (right hand)
 m - an amulet of rage (around neck)
Wands
 b - a wand of random effects (34/48)
Scrolls
 l - 6 scrolls of remove curse
 o - a scroll of amnesia
 q - 2 scrolls of teleportation
 s - a scroll of blinking
 t - a scroll of fear
Comestibles
 f - 6 bread rations
 h - 2 fruits
 i - a slice of pizza
 j - 3 beef jerkies
 p - a chunk of flesh
 u - a meat ration


   Skills:
 + Level 6.5 Fighting
 + Level 9.6 Maces & Flails
 + Level 6.8 Armour
 + Level 3.3 Dodging
 + Level 1.4 Stealth
 + Level 9.9 Shields


You had 9 spell levels left.
You didn't know any spells.

Dungeon Overview and Level Annotations

Branches:
Dungeon (9/15)             Temple (1/1) D:7            Lair (0/6) D:9
    Orc: D:9-12

Altars:
Ashenzari
Cheibriados
Dithmenos
Elyvilon
Fedhas
Gozag
Hepliaklqana
Kikubaaqudgha
Makhleb
Nemelex Xobeh
Okawaru
Qazlal
Sif Muna
Trog
Uskayaw
Vehumet
Xom
Yredelemnul
Zin
The Shining One


Innate Abilities, Weirdness & Mutations

You are resistant to torment.
Your stone body is resilient. (AC +7)
You are immune to poison.
You resist negative energy. (rN+)
You are resistant to electric shocks. (rElec)
You can survive without breathing.
You are immune to petrification.
You are immune to rotting.
You possess an exceptional clarity of mind.
You are covered in fur. (AC +1)
You evolve.


Message History

The steam dragon is lightly wounded.
You are engulfed in a cloud of scalding steam.
* * * LOW HITPOINT WARNING * * *
The steam dragon bites you but does no damage.
The steam dragon claws you but does no damage.
Your plate armour of the Turtledove prevents you from hitting the steam dragon.
The steam dragon is lightly wounded.
You are engulfed in a cloud of scalding steam.
You block the steam dragon's attack. x2
You hit the steam dragon but do no damage.
The steam dragon is lightly wounded.
You are engulfed in a cloud of scalding steam.
The steam dragon breathes steam at you. The ball of steam hits you!
* * * LOW HITPOINT WARNING * * *
Your corrosive artefact corrodes you!
You closely miss the steam dragon.
The steam dragon is lightly wounded.
You block the steam dragon's attack. The steam dragon claws you.
You die... #...PPPP.P.PP.P.PPP #.P.PPP.P.PPP.P..PP

#....P..P..PPP.P.P.
##.P..PPPP.PP.P.P..
#.....PP..P..PP..P
##...P.P.PP.P†....
##.##..........P##
#§.####..P.P..####
#@## #######.....
#D# ######
..T....c# .......##
..D.... .......
....... .......
.......


You could see a steam dragon and a centaur.

Vanquished Creatures
  The ghost of mukkel the Basher, a novice MiFi of Cheibriados (D:7)
  A troll (D:9)
  A hornet (D:8)
  A hippogriff (D:8)
  11 yaks
  An orc warrior (D:8)
  3 black bears
  3 phantoms
  4 ogres
  A crocodile (Sewer)
  4 bullfrogs
  A gnoll sergeant (D:8)
  4 howler monkeys (D:8)
  A bullfrog zombie (D:8)
  4 crimson imps
  Crazy Yiuf (D:6)
  An orc priest (D:7)
  4 hounds
  7 orc wizards
  A centaur skeleton (D:5)
  2 iguanas
  2 worker ants
  A hound zombie (D:6)
  5 gnolls
  A howler monkey skeleton (D:8)
  A river rat (D:9)
  6 adders
  A shadow imp (D:5)
  An ooze (D:4)
  An adder zombie (D:7)
  2 adder skeletons
  2 worms
  2 dart slugs
  2 leopard geckos
  23 orcs
  4 bats
  9 giant cockroaches
  6 goblins
  6 hobgoblins
  6 jackals
  10 kobolds
  2 quokkas
  4 frilled lizards
  3 quokka skeletons
  11 rats
  3 fungi (D:9)
171 creatures vanquished.

Vanquished Creatures (others)
  An orc wizard (D:5)
1 creature vanquished.

Grand Total: 172 creatures vanquished

Notes
Turn   | Place    | Note
-------+----------+-------------------------------------------
     0 | D:1      | JeffiDaFish the Gargoyle Fighter began the quest for the Orb.
     0 | D:1      | Reached XP level 1. HP: 14/14 MP: 1/1
   486 | D:1      | Reached XP level 2. HP: 15/19 MP: 2/2
   908 | D:2      | Reached XP level 3. HP: 16/23 MP: 3/3
  1249 | D:2      | Gained mutation: You evolve. [potion of mutation]
  1249 | D:2      | Gained mutation: You possess an exceptional clarity of mind. [potion of mutation]
  1249 | D:2      | Gained mutation: You are covered in fur. (AC +1) [potion of mutation]
  1334 | D:2      | Found a radiant altar of Vehumet.
  1509 | D:2      | Found an iron altar of Okawaru.
  1525 | D:2      | Reached XP level 4. HP: 22/28 MP: 4/4
  1537 | D:2      | Reached skill level 1 in Dodging
  2016 | D:3      | Found an opulent altar of Gozag.
  2104 | D:4      | Found an ancient bone altar of Kikubaaqudgha.
  2167 | D:4      | Reached XP level 5. HP: 29/32 MP: 5/5
  2509 | D:4      | Found a basalt altar of Yredelemnul.
  2615 | D:4      | Reached skill level 5 in Shields
  2615 | D:4      | Reached XP level 6. HP: 19/38 MP: 6/6
  2827 | D:5      | Entered Level 5 of the Dungeon
  2845 | D:5      | Found a bloodstained altar of Trog.
  3266 | D:5      | Got a jewelled ring mail
  3277 | D:5      | Identified the +2 ring mail of Freedom {rF+++ Regen+ Str-2 Int+4} (You found it on level 5 of the Dungeon)
  3320 | D:5      | Found a glowing drain.
  3324 | Sewer    | Entered a sewer
  3543 | D:5      | Found a shimmering altar of Xom.
  3589 | D:5      | Reached XP level 7. HP: 40/43 MP: 7/7
  4106 | D:6      | Reached skill level 1 in Stealth
  4616 | D:6      | Found a runed door.
  4620 | D:6      | Noticed Crazy Yiuf
  4629 | D:6      | Killed Crazy Yiuf
  4782 | D:7      | Reached skill level 5 in Maces & Flails
  4851 | D:7      | Reached XP level 8. HP: 48/48 MP: 8/8
  4975 | D:7      | Noticed mukkel's ghost (novice MiFi)
  5015 | D:7      | Killed mukkel's ghost
  5015 | D:7      | Reached skill level 5 in Fighting
  5015 | D:7      | Reached skill level 5 in Armour
  5296 | D:7      | Noticed a yak
  5296 | D:7      | Noticed a yak
  5296 | D:7      | Noticed a yak
  5296 | D:7      | Noticed a yak
  5298 | D:7      | Noticed a yak
  5299 | D:7      | Noticed a yak
  5308 | D:7      | Killed a yak
  5308 | D:7      | Reached XP level 9. HP: 50/54 MP: 9/9
  5687 | D:7      | Found a staircase to the Ecumenical Temple.
  5696 | Temple   | Entered the Ecumenical Temple
  5992 | D:7      | Gained mutation: You have supernaturally acute eyesight. (SInv) [evolution]
  6089 | D:8      | Noticed a hornet
  6175 | D:8      | Killed a hornet
  6183 | D:8      | Reached XP level 10. HP: 32/60 MP: 10/10
  6636 | D:8      | Identified the +1 robe of the Old World {+Inv +Fly MR- Int+4} (You found it on level 8 of the Dungeon)
  6653 | D:8      | Found a burning altar of Makhleb.
  6668 | D:8      | Became a worshipper of Makhleb the Destroyer
  6672 | D:8      | Got a twisted plate armour
  6683 | D:8      | Identified the +1 plate armour of the Turtledove {*Corrode Str+5} (You found it on level 8 of the Dungeon)
  7029 | D:9      | Lost mutation: You have supernaturally acute eyesight. (SInv) [evolution]
  7098 | D:9      | Found a staircase to the Lair.
  7234 | D:9      | HP: 2/61 [steam dragon/ball of steam (10)]
  7235 | D:9      | Slain by a steam dragon

Vault maps used:
D:1:      dpeg_arrival_prison
D:2:      vehumet_crystals, okawaru_altar_gauntlet_db
D:3:      nicolae_gozag_cash_rules_everything_around_me
D:4:      old_standard_altar, kennysheep_little_box
D:5:      gup_sewer_entry_bowl, first_bread, basic_altar, serial_bayou_ford_a,
          trog_three_pillars_becter
D:6:      uniq_crazy_yiuf_cottage
D:8:      overflow_temple_1_default
D:9:      nicolae_overflow_hidden_temple, due_lair_maze_entry_diamond,
          serial_shops, shop_statue, basic_altar, uniq_prince_ribbit1
Temple:   jpeg_temple_clearing
Sewer:    sewer_the_crocodile

Skill      XL: |  1  2  3  4  5  6  7  8  9 10 |
---------------+-------------------------------+-----
Shields        | 4 5 6 7 9 |  9.9
Dodging        | 1 2 3 |  3.3
Maces & Flails | 3 4 5 6 8 9 |  9.6
Armour         | 4 5 6 |  6.8
Fighting       | 4 5 6 |  6.5
Stealth        | 1 |  1.4

Action                   |  1- 3 |  4- 6 |  7- 9 | 10-12 || total
-------------------------+-------+-------+-------+-------++-------
Melee: Flail             |   167 |   380 |   384 |   101 ||  1032
       Morningstar       |       |       |       |   130 ||   130
  Use: Scroll            |     3 |     5 |     4 |     1 ||    13
       Potion            |     2 |     6 |     4 |     1 ||    13
  Eat: Chunk             |     2 |     8 |     4 |     2 ||    16
       Bread ration      |       |       |     1 |       ||     1
       Meat ration       |       |       |       |     1 ||     1
Armor: Scale mail        |   116 |   293 |    34 |       ||   443
       Chain mail        |       |       |   207 |    74 ||   281
       Plate armour      |       |       |       |    56 ||    56
Dodge: Dodged            |    72 |   135 |   110 |    53 ||   370
Block: Shield            |   124 |   240 |   274 |   149 ||   787
